 Dungeon Crawl Stone Soup version 0.28-a0-657-g71136c5590 (webtiles) character file.

Game seed: 16953544889706796242

90 lawman0 the Covert (level 4, 0/41 HPs)
             Began as a Gnoll Delver on Oct 13, 2021.
             Slain by a hornet zombie (3 damage)
             ... on level 4 of the Dungeon.
             The game lasted 00:03:26 (1404 turns).

lawman0 the Covert (Gnoll Delver)                   Turns: 1404, Time: 00:03:26

Health: 0/41       AC:  3    Str: 11    XL:     4   Next: 56%
Magic:  5/5        EV: 13    Int: 11    God:
Gold:   16         SH:  0    Dex: 13    Spells: 5/5 levels left

rFire   . . .      SeeInvis .   a - +0 mace
rCold   . . .      Faith    .   (no shield)
rNeg    . . .      Spirit   .   b - +0 leather armour
rPois   .          Reflect  .   (no helmet)
rElec   .          Harm     .   (no cloak)
rCorr   .          Rampage  .   (no gloves)
Will    .....                   (no boots)
Stlth   ++++......              i - amulet of the acrobat
HPRegen 0.13/turn               (no ring)
MPRegen 0.09/turn               (no ring)

@: hasted, very quick
A: fangs 1, strong nose, distributed training
a: no special abilities


You were on level 4 of the Dungeon.
You visited 1 branch of the dungeon, and saw 2 of its levels.

You collected 16 gold pieces.

Inventory:

Hand Weapons
 a - a +0 mace (weapon)
 h - a +0 shortbow
Missiles
 k - 7 boomerangs (quivered)
Armour
 b - a +0 leather armour (worn)
Jewellery
 i - an amulet of the acrobat (around neck)
Wands
 g - a wand of digging (3)
 l - a wand of charming (3)
Scrolls
 c - a scroll of fog
 d - 2 scrolls of identify {unknown}


   Skills:
 + Level 6.6 Fighting
 + Level 1.2 Short Blades
 + Level 1.2 Long Blades
 + Level 1.2 Axes
 + Level 4.6 Maces & Flails
 + Level 1.2 Polearms
 + Level 1.2 Staves
 + Level 1.2 Slings
 + Level 1.2 Bows
 + Level 1.2 Crossbows
 + Level 1.2 Throwing
 + Level 1.2 Armour
 + Level 4.6 Dodging
 + Level 9.6 Stealth
 + Level 1.2 Shields
 + Level 1.2 Unarmed Combat
 + Level 1.2 Spellcasting
 + Level 1.0 Conjurations
 + Level 1.0 Hexes
 + Level 1.0 Summonings
 + Level 1.0 Necromancy
 + Level 1.0 Translocations
 + Level 1.0 Transmutations
 + Level 1.0 Fire Magic
 + Level 1.0 Ice Magic
 + Level 1.0 Air Magic
 + Level 1.0 Earth Magic
 + Level 1.0 Poison Magic
 + Level 1.3 Invocations
 + Level 1.2 Evocations


You had 5 spell levels left.
You didn't know any spells.
Your spell library was empty.

Dungeon Overview and Level Annotations

Branches:
Dungeon (5/15)
 Temple: D:4-7

Altars:
Elyvilon
Ru
The Shining One


Innate Abilities, Weirdness & Mutations

You have very sharp teeth.
Your uncanny sense of smell can sniff out nearby items.
Your experience applies equally to all skills.


Message History

You assume a fearsome visage.
The ogre looks frightened!
You hit the ball python.
The ball python is severely wounded.
The ball python barely misses you. The ball python grabs you.
The ball python constricts you.
* * * LOW HITPOINT WARNING * * *
You hit the ball python.
You kill the ball python!
Found 7 gold pieces.
A necrophage comes into view.
You start resting.
An ogre is nearby!
Unknown command.
There is a stone staircase leading down here.
You climb downwards.
There is a stone staircase leading up here.
You start resting.
HP restored.
Found a stone staircase leading up.
There is a stone staircase leading up here.
You climb upwards.
Found 14 gold pieces.
There is a stone staircase leading down here.
You hit the hornet zombie but do no damage.
The hornet zombie hits you! The hornet zombie hits you.
You hit the hornet zombie.
The hornet zombie is lightly damaged.
The hornet zombie hits you!
You hit the hornet zombie but do no damage.
You bite the hornet zombie, but do no damage.
The hornet zombie is lightly damaged.
The hornet zombie closely misses you. The hornet zombie hits you!
* * * LOW HITPOINT WARNING * * *
You hit the hornet zombie but do no damage.
You bite the hornet zombie, but do no damage.
The hornet zombie is lightly damaged.
The hornet zombie hits you.
* * * LOW HITPOINT WARNING * * *
You feel yourself speed up. The hornet zombie hits you.
You die...

# # #####
..#. ....#
.....##...##
.......Z...##
#.@....#
#.....##
....####
.......
#......#$
##..... ..
##.... ..
..... #..


You could see a hornet zombie.

Vanquished Creatures
  A crimson imp (D:5)
  A bullfrog zombie (D:5)
  2 gnolls (D:5)
  An adder skeleton (D:5)
  A ball python (D:4)
6 creatures vanquished.

Notes
Turn   | Place    | Note
-------+----------+-------------------------------------------
     0 | D:5      | Reached skill level 9 in Stealth
     0 | D:5      | lawman0 the Gnoll Delver began the quest for the Orb.
     0 | D:5      | Reached XP level 1. HP: 23/23 MP: 1/1
    34 | D:5      | Noticed a crimson imp
    75 | D:5      | Killed a crimson imp
    76 | D:5      | Reached XP level 2. HP: 5/29 MP: 1/3
    76 | D:5      | Reached XP level 3. HP: 7/35 MP: 1/4
   411 | D:5      | Found a sacrificial altar of Ru.
   467 | D:5      | Reached skill level 1 in Invocations
   705 | D:5      | Reached skill level 1 in Short Blades
   705 | D:5      | Reached skill level 1 in Long Blades
   705 | D:5      | Reached skill level 1 in Axes
   705 | D:5      | Reached skill level 1 in Polearms
   705 | D:5      | Reached skill level 1 in Staves
   705 | D:5      | Reached skill level 1 in Slings
   705 | D:5      | Reached skill level 1 in Bows
   705 | D:5      | Reached skill level 1 in Crossbows
   705 | D:5      | Reached skill level 1 in Throwing
   705 | D:5      | Reached skill level 1 in Armour
   705 | D:5      | Reached skill level 1 in Shields
   705 | D:5      | Reached skill level 1 in Unarmed Combat
   705 | D:5      | Reached skill level 1 in Spellcasting
   705 | D:5      | Reached skill level 1 in Evocations
   720 | D:5      | Reached XP level 4. HP: 5/41 MP: 5/5
  1012 | D:5      | Found a white marble altar of Elyvilon.
  1056 | D:5      | Reached skill level 1 in Conjurations
  1056 | D:5      | Reached skill level 1 in Hexes
  1056 | D:5      | Reached skill level 1 in Summonings
  1056 | D:5      | Reached skill level 1 in Necromancy
  1056 | D:5      | Reached skill level 1 in Translocations
  1056 | D:5      | Reached skill level 1 in Transmutations
  1056 | D:5      | Reached skill level 1 in Fire Magic
  1056 | D:5      | Reached skill level 1 in Ice Magic
  1056 | D:5      | Reached skill level 1 in Air Magic
  1056 | D:5      | Reached skill level 1 in Earth Magic
  1056 | D:5      | Reached skill level 1 in Poison Magic
  1072 | D:5      | Found a glowing golden altar of the Shining One.
  1115 | D:4      | Noticed an ogre
  1126 | D:4      | Noticed an ogre
  1155 | D:4      | Noticed a necrophage
  1404 | D:4      | Slain by a hornet zombie

Illustrated notes

Levels and vault maps discovered:
D:4:      layout_cave_pools, trog_wizard
D:5:      layout_basic, mainiacjoe_overflow_small_starburst,
          lemuel_coloured_pillars_altar, nicolae_elyvilon_peaceful_grove,
          minmay_misc_feat_square, minmay_fire_ice_demons, uniq_grinder

Skill      XL: |  1  2  3  4 |
---------------+-------------+-----
Stealth        | |  9.6
Invocations    | 1 |  1.3
Short Blades   | 1 |  1.2
Long Blades    | 1 |  1.2
Axes           | 1 |  1.2
Polearms       | 1 |  1.2
Staves         | 1 |  1.2
Slings         | 1 |  1.2
Bows           | 1 |  1.2
Crossbows      | 1 |  1.2
Throwing       | 1 |  1.2
Armour         | 1 |  1.2
Shields        | 1 |  1.2
Unarmed Combat | 1 |  1.2
Spellcasting   | 1 |  1.2
Evocations     | 1 |  1.2
Conjurations   | 1 |  1.0
Hexes          | 1 |  1.0
Summonings     | 1 |  1.0
Necromancy     | 1 |  1.0
Translocations | 1 |  1.0
Transmutations | 1 |  1.0
Fire Magic     | 1 |  1.0
Ice Magic      | 1 |  1.0
Air Magic      | 1 |  1.0
Earth Magic    | 1 |  1.0
Poison Magic   | 1 |  1.0
Fighting       | |  6.6
Maces & Flails | |  4.6
Dodging        | |  4.6

Action                   |  1- 3 |  4- 6 || total
-------------------------+-------+-------++-------
Melee: Mace              |    58 |     7 ||    65
       Bite              |     5 |     2 ||     7
       Punch             |       |     1 ||     1
Evoke: Wand              |     1 |       ||     1
  Use: Scroll            |     1 |     1 ||     2
       Potion            |     1 |     1 ||     2
Armor: Leather armour    |     9 |       ||     9
       Skin              |    15 |       ||    15
Dodge: Dodged            |    50 |     3 ||    53

Table legend: (Time is in decaauts)
 A = Elapsed time spent in this place.
 B = Non-inter-level travel time spent in this place.
 C = Inter-level travel time spent in this place.
 D = Time resting spent in this place.
 E = Time spent auto-exploring this place.
 F = Levels seen in this place.
 G = Mean time per level.
                   A        B        C        D        E       F      G
               +--------+--------+--------+--------+--------+-----+--------+
         Total |   1417 |   1417 |      0 |    866 |      0 |   2 |  708.5 |
       Dungeon |   1417 |   1417 |      0 |    866 |      0 |   2 |  708.5 |
               +--------+--------+--------+--------+--------+-----+--------+

Top non-repeatable levels by time:
     D:5: 1345 daAuts
     D:4: 71 daAuts
